 Dungeon Crawl Stone Soup version 0.31.0-12-g77e489cdc1 (webtiles) character file.

Game seed: 16635100797951296392

119 Gadfly the Sneak (level 4, 0/22 HPs)
             Began as a Spriggan Enchanter on Feb 18, 2024.
             Killed by divine providence
             ... invoked by an orc priest
              (17 damage)
             ... on level 3 of the Dungeon.
             The game lasted 00:03:28 (1705 turns).

Gadfly the Sneak (Spriggan Enchanter)               Turns: 1705, Time: 00:03:29

Health: 0/22       AC:  2    Str:  4    XL:     4   Next: 74%
Magic:  8/9        EV: 23    Int: 16    God:
Gold:   127        SH:  0    Dex: 17    Spells: 4/9 levels left

rFire   . . .        a - +3 dagger (venom)
rCold   . . .        (no shield)
rNeg    . . .        m - +0 robe
rPois   .            (helmet restricted)
rElec   .            (no cloak)
rCorr   .            (gloves unavailable)
SInv    +            (boots unavailable)
Will    +....        d - amulet of magic regeneration
Stlth   +++          e - +5 ring of evasion
HPRegen 0.23/turn    g - ring of willpower
MPRegen 0.51/turn

%: no passive effects
@: very quick
A: very small, no large weapons, unfitting armour, see invisible, speed 3
a: no special abilities


You were on level 3 of the Dungeon.
You visited 1 branch of the dungeon, and saw 3 of its levels.

You collected 127 gold pieces.

Inventory:

Hand Weapons
 a - a +3 dagger of venom (weapon)
 b - a +1 dagger
 k - the +6 mace of the Forsaken Towns {freeze, rElec rC++}
   (You found it on level 3 of the Dungeon)

   rC++:      It greatly protects you from cold.
   rElec:     It insulates you from electricity.
Armour
 m - a +0 robe (worn)
Jewellery
 d - an amulet of magic regeneration (around neck)
 e - a +5 ring of evasion (left hand)
 g - a ring of willpower (right hand)
Scrolls
 h - a scroll of enchant weapon
 j - a scroll of identify
 l - a scroll of teleportation
 n - a scroll of fog
Potions
 c - 3 potions of invisibility
 f - a potion of brilliance
 i - 2 potions of curing
 o - a potion of cancellation {unknown}


   Skills:
 + Level 1.1 Fighting
 + Level 2.3 Short Blades
 + Level 3.4 Dodging
 + Level 5.1 Stealth
 + Level 3.2 Spellcasting
 + Level 4.2 Hexes
 + Level 1.9 Evocations


You had 4 spell levels left.
You knew the following spells:

 Your Spells              Type           Power      Damage    Failure   Level
a - Ensorcelled Hibernat  Hex/Ice        18%        N/A       12%         2
b - Confusing Touch       Hex            16%        N/A       10%         3

Your spell library contained the following spells:

 Spells                   Type           Power      Damage    Failure   Level
 Tukima's Dance           Hex            16%        N/A       10%         3
 Dazzling Flash           Conj/Hex       18%        N/A       22%         3
 Mercury Vapours          Alch/Air       4%         N/A       28%         2
 Mephitic Cloud           Conj/Alch/Air  2%         N/A       50%         3
 Freezing Cloud           Conj/Ice/Air   1%         6-21      99%         5
 Conjure Ball Lightning   Conj/Air       1%         3x3d6     100%        6
 Malign Gateway           Summ/Tloc      1%         N/A       100%        7
 Discord                  Hex            8%         N/A       100%        8
 Disjunction              Tloc           1%         N/A       100%        8
 Summon Horrible Things   Summ           1%         N/A       100%        8


Dungeon Overview and Level Annotations

Branches:
Dungeon (3/15)

Altars:


Innate Abilities, Weirdness & Mutations

You are very small and have problems with some larger weapons.
You are too small for most types of armour.
You have supernaturally acute eyesight. (SInv)
You cover ground extremely quickly. (Speed+++)


Message History

A kobold is nearby!
A kobold is nearby!
Found a stone staircase leading down.
An endoplasm comes into view.
The helpless kobold fails to defend itself.
You impale the kobold!!
You kill the kobold!
No target in view!
No target in view!
No target in view!
No target in view!
Things that are here:
a +0 short sword; 4 stones; a kobold corpse
There is a stone staircase leading down here.
There is a stone staircase leading down here.
There is a stone staircase leading down here.
An orc is nearby!
An orc is nearby!
An orc is nearby!
An orc is nearby!
The orc shouts!
The orc priest shouts!
You hear a shout!
The orc hits you with a +0 hand axe.
An orc priest comes into view. It is wielding a +0 dagger.
You hit the orc.
The orc is poisoned.
The orc is lightly wounded.
The orc barely misses you.
The orc curses to no one in particular.
The orc resists with significant effort.
The orc barely misses you.
You barely miss the orc.
The orc is heavily wounded.
The orc barely misses you.
You hit the orc but do no damage.
The orc looks as sick as possible!
The orc is heavily wounded.
You kill the orc!
The orc misses you.
The orc priest mumbles some strange prayers to Beogh against you.
Beogh smites you!
Ouch! That really hurt!
You die...

o#
........###.#
#.#
......#......
#.#
......#......
#.#
.....##......
#.#
####.##......
#o#
#.####...(
#o# #.# #..##
#o# #.# #..#
#@# #.# #.)#
#.###
#.####..#
#...#
#)......##
###.###
#..###....
#...###..#
#####
##.....>.#
#.#####.#
#.......#
#########


You could see 2 orc priests and an orc.

Vanquished Creatures
  2 hounds (D:3)
  2 dart slugs (D:1)
  7 orcs
  3 endoplasms
  A giant cockroach (D:1)
  6 hobgoblins
  3 quokkas
  4 ball pythons (D:1)
  3 bats
  3 frilled lizards
  6 goblins
  7 kobolds
  4 rats
51 creatures vanquished.

Notes
Turn   | Place    | Note
-------+----------+-------------------------------------------
     0 | D:1      | Gadfly the Spriggan Enchanter began the quest for the Orb.
     0 | D:1      | Reached XP level 1. HP: 9/9 MP: 5/5
   110 | D:1      | Reached XP level 2. HP: 4/13 MP: 6/6
   407 | D:1      | Learned a level 2 spell: Ensorcelled Hibernation
   873 | D:2      | Reached XP level 3. HP: 17/17 MP: 8/8
   886 | D:2      | Reached skill level 1 in Evocations
  1069 | D:2      | Found a faded altar of an unknown god.
  1303 | D:2      | Learned a level 3 spell: Confusing Touch
  1425 | D:3      | Reached skill level 1 in Fighting
  1425 | D:3      | Reached skill level 5 in Stealth
  1425 | D:3      | Reached XP level 4. HP: 22/22 MP: 7/9
  1535 | D:3      | Identified the +6 mace of the Forsaken Towns {freeze, rElec
                  | rC++}
  1705 | D:3      | Killed from afar by an orc priest

Illustrated notes

Levels and vault maps discovered:
D:1:      ldierk_walled_garden, layout_rooms
D:2:      layout_loops_cross, hellmonk_ecumenical_altar_inner_sanctum,
          guppyfry_early_lair_pool
D:3:      layout_basic

Skill      XL: |  1  2  3 |
---------------+----------+-----
Evocations     | 1 |  1.9
Hexes          | 4 |  4.2
Dodging        | 3 |  3.4
Short Blades   | 2 |  2.3
Fighting       | 1 |  1.1
Stealth        | 5 |  5.1
Spellcasting   | 3 |  3.2

Action                     |  1- 3 |  4- 6 || total
---------------------------+-------+-------++-------
  Melee: Dagger            |    93 |    20 ||   113
   Cast: Ensorcelled Hiber |     2 |     8 ||    10
    Use: Potion            |     1 |       ||     1
         Scroll            |     9 |       ||     9
   Stab: Invisible         |     3 |       ||     3
         Sleeping          |    11 |     5 ||    16
 Armour: Robe              |    16 |     4 ||    20
  Dodge: Dodged            |    68 |    17 ||    85
